 Dungeon Crawl Stone Soup version 0.30-a0-1123-gabc949cf19 (webtiles) character file.

Game seed: 12791753573019982619

116 Orangeyouglad the Grave Robber (level 5, -2/35 HPs)
             Began as a Human Necromancer on Apr 22, 2023.
             Slain by a black bear (5 damage)
             ... on level 3 of the Dungeon.
             The game lasted 00:06:34 (2871 turns).

Orangeyouglad the Grave Robber (Human Necromancer)  Turns: 2871, Time: 00:06:34

Health: -2/35      AC:  3    Str:  8    XL:     5   Next: 20%
Magic:  6/9        EV: 13    Int: 17    God:
Gold:   192        SH:  0    Dex: 14    Spells: 1/9 levels left

rFire   . . .        w - +2 hand axe (freeze)
rCold   . . .        (no shield)
rNeg    . . .        a - +0 robe
rPois   .            (no helmet)
rElec   .            (no cloak)
rCorr   .            h - +0 pair of gloves
SInv    .            (no boots)
Will    .....        (no amulet)
Stlth   ++           (no ring)
HPRegen 0.25/turn    (no ring)
MPRegen 0.11/turn

%: no passive effects
@: lethally poisoned (-2 -> -3), animating dead
A: no striking features
a: no special abilities


You were on level 3 of the Dungeon.
You visited 1 branch of the dungeon, and saw 4 of its levels.

You collected 192 gold pieces.

Inventory:

Hand Weapons
 i - a +0 long sword
 q - a +0 dagger of draining
 w - a +2 hand axe of freezing (weapon)
Missiles
 l - 7 boomerangs (quivered)
 r - 4 poisoned darts
Armour
 a - a +0 robe (worn)
 h - a +0 pair of gloves (worn)
Jewellery
 o - a ring of protection from cold
 y - a +4 ring of protection
Scrolls
 c - 5 scrolls of identify {unknown}
 d - a scroll of fog {unknown}
 g - 2 scrolls of immolation {unknown}
 n - 2 scrolls of blinking {unknown}
 p - a scroll of acquirement {unknown}
 s - a scroll of teleportation {unknown}
 t - a scroll of noise {unknown}
 u - a scroll of torment {unknown}
 v - a scroll of enchant weapon {unknown}
 x - a scroll of silence {unknown}
Potions
 b - a potion of magic
 e - 3 potions of ambrosia {unknown}
 f - 2 potions of curing {unknown}
 j - a potion of resistance {unknown}
 k - a potion of haste {unknown}
 m - a potion of attraction {unknown}


   Skills:
 + Level 2.9 Dodging
 + Level 3.2 Stealth
 + Level 2.8 Spellcasting
 + Level 4.5 Necromancy


You had one spell level left.
You knew the following spells:

 Your Spells              Type           Power      Damage    Failure   Level
a - Necrotise             Necr           68%        1d7       2%          1
b - Animate Dead          Necr           17%        N/A       26%         4
c - Vampiric Draining     Necr           17%        2d7       9%          3

Your spell library contained the following spells:

 Spells                   Type           Power      Damage    Failure   Level
 Agony                    Necr           17%        N/A       58%         5
 Simulacrum               Ice/Necr       5%         N/A       100%        6
 Ozocubu's Refrigeration  Ice            1%         4d7       100%        7
 Polar Vortex             Ice            1%         N/A       100%        9


Dungeon Overview and Level Annotations

Branches:
Dungeon (4/15)
 Temple: D:4-7

Altars:
Vehumet

Annotations:
D:3 2 runed translucent doors, Heh's ghost, amateur OpHW


Message History

The black bear is heavily wounded.
Your orc zombie hits the black bear but does no damage.
The black bear bites your orc zombie.
The black bear claws your orc zombie. x2
Your orc zombie is destroyed!
You barely miss the black bear.
The black bear is heavily wounded.
The black bear misses you.
The black bear claws you but does no damage.
The black bear claws you. The adder barely misses you.
You hit the black bear but do no damage.
The black bear is heavily wounded.
You hit the adder.
The adder seems to slow down.
You freeze the adder. The black bear bites you. The black bear misses you.
The black bear closely misses you. The adder bites you.
You are poisoned.
The adder poisons you!
You hit the black bear. You freeze the black bear.
The black bear is severely wounded.
You hit the adder but do no damage.
You feel sick.
The black bear goes berserk!
The adder barely misses you. The black bear bites you.
The black bear closely misses you. The black bear misses you.
You hit the black bear. You freeze the black bear.
The black bear is almost dead.
You miss the adder.
You feel sick.
The adder is no longer moving slowly.
The black bear bites you but does no damage.
The black bear barely misses you. The black bear claws you.
The adder closely misses you. The black bear bites you.
The black bear claws you. The black bear barely misses you.
Casting: Animate Dead (extremely dangerous; 26% risk of failure)
Confirm with . or Enter, or press ? or * to list all spells.
Aiming: Necrotise (safe; 2% risk of failure)
Press: ? - help, Shift-Dir - straight line, f - adder
Aim: an adder (moderately wounded, chance to affect: 81%)
The adder writhes in agony.
You feel sick. The adder bites you but does no damage.
The black bear bites you.
* * * LOW HITPOINT WARNING * * *
The black bear claws you.
* * * LOW HITPOINT WARNING * * *
The black bear claws you.
You die...

##'## #.##.......#
#...####.##.......# ....# ...
#...#.............# ....####...
#...#.#.##........# .........
###'##.#.##........# #.....#+#
.......#.##........# #.....#.#
.##.####.#.........# #.....#.#
#.# #....#...S########.....#..
..####.......#@.##....'..o.l'h.
#.......!.#..###h...####.....#..
#.###.....#.....#.....##.....#..
.. ##..>...............#########
#. ......##.##.#.......########
............#.....#.)..##...
#.##.$##.#.....°..####.##.##
#....<.......○.☼☼## #....##
#........#.#.○○.☼# ###...'


You could see a black bear (berserk) and an adder.

Vanquished Creatures
  An orc priest (D:3)
  An adder (D:3)
  9 dart slugs
  An orc (D:3)
  3 endoplasms
  5 giant cockroaches
  7 goblins
  5 hobgoblins
  5 kobolds
  3 quokkas
  3 ball pythons (D:1)
  4 bats
  A frilled lizard (D:3)
  4 rats
52 creatures vanquished.

Vanquished Creatures (collateral kills)
  A goblin (D:3)
  3 rats (D:1)
4 creatures vanquished.

Vanquished Creatures (others)
  2 dart slug zombies (D:3)
  A goblin zombie (D:3)
  A hobgoblin zombie (D:3)
  An orc zombie (D:3)
5 creatures vanquished.

Grand Total: 61 creatures vanquished

Notes
Turn   | Place    | Note
-------+----------+-------------------------------------------
     0 | D:1      | Orangeyouglad the Human Necromancer began the quest for the
                  | Orb.
     0 | D:1      | Reached XP level 1. HP: 13/13 MP: 3/3
   130 | D:1      | Reached XP level 2. HP: 12/19 MP: 0/5
   588 | D:1      | Reached XP level 3. HP: 24/24 MP: 4/6
  1487 | D:2      | Found a faded altar of an unknown god.
  1609 | D:2      | Reached XP level 4. HP: 28/30 MP: 3/7
  1747 | D:2      | Learned a level 4 spell: Animate Dead
  1778 | D:3      | Found a runed translucent door.
  1818 | D:3      | Found a runed translucent door.
  1837 | D:3      | Noticed Heh's ghost (amateur OpHW)
  1953 | D:3      | Learned a level 3 spell: Vampiric Draining
  2192 | D:3      | Found a radiant altar of Vehumet.
  2207 | D:3      | Noticed a black bear
  2711 | D:3      | Reached XP level 5. HP: 26/35 MP: 4/9
  2871 | D:3      | Slain by a black bear

Illustrated notes

Levels and vault maps discovered:
D:1:      enne_arrival_octagon_isle, layout_rooms, serial_corexii_hall,
          corexii_hall_statues_i, corexii_hall_statues_s,
          kennysheep_small_spiral
D:2:      layout_rooms, hellmonk_ecumenical_altar_heavens_door,
          kennysheep_path_1, bh_walls_and_bars
D:3:      minmay_bubble_buster, layout_basic, fiery_altar_vehumet,
          tgw_kikubaaqudgha, ebering_ghost_sewer_f
D:4:      layout_basic, eat_drink_and_be_merry_uskayaw,
          minmay_temple_entry_enclosed_plants, uniq_eustachio

Skill      XL: |  1  2  3  4 |
---------------+-------------+-----
Stealth        | 3 |  3.2
Dodging        | |  2.9
Spellcasting   | |  2.8
Necromancy     | |  4.5

Action                     |  1- 3 |  4- 6 || total
---------------------------+-------+-------++-------
  Melee: Unarmed           |     4 |       ||     4
         Whip              |    15 |       ||    15
         Dagger            |     9 |     8 ||    17
         Short sword       |    15 |       ||    15
         Punch             |     3 |     1 ||     4
         Hand axe          |       |    30 ||    30
  Throw: Boomerang         |     7 |    14 ||    21
   Cast: Necrotise         |    54 |    11 ||    65
         Animate Dead      |       |     2 ||     2
         Vampiric Draining |       |     1 ||     1
   Stab: Sleeping          |       |     2 ||     2
 Armour: Robe              |     8 |    15 ||    23
  Dodge: Dodged            |    35 |    58 ||    93

Table legend: (Time is in decaauts)
 A = Elapsed time spent in this place.
 B = Non-inter-level travel time spent in this place.
 C = Inter-level travel time spent in this place.
 D = Time resting spent in this place.
 E = Time spent auto-exploring this place.
 F = Levels seen in this place.
 G = Mean time per level.
                   A        B        C        D        E       F      G
               +--------+--------+--------+--------+--------+-----+--------+
         Total |   2884 |   2766 |    118 |    100 |   1856 |   4 |  721.0 |
       Dungeon |   2884 |   2766 |    118 |    100 |   1856 |   4 |  721.0 |
               +--------+--------+--------+--------+--------+-----+--------+

Top non-repeatable levels by time:
     D:3: 1105 daAuts
     D:1: 983 daAuts
     D:2: 794 daAuts
     D:4: 1 daAuts
